 Dungeon Crawl Stone Soup version 0.27-a0-1139-g28e009f8a6 (webtiles) character file.

Game seed: 2692546238402661377

989 DarkShadow the Covered (level 7, 0/54 HPs)
             Began as a Minotaur Fighter on May 8, 2021.
             Was an Initiate of Gozag.
             Shot with an arrow by a centaur (1 damage)
             ... on level 5 of the Dungeon.
             The game lasted 00:15:30 (6201 turns).

DarkShadow the Covered (Minotaur Fighter)           Turns: 6201, Time: 00:15:30

Health: 0/54       AC: 10    Str: 22    XL:     7   Next: 98%
Magic:  0/6        EV:  6    Int:  5    God:    Gozag
Gold:   114        SH: 12    Dex: 10    Spells: 6/6 levels left

rFire    . . .     SeeInvis +   a - +0 long sword
rCold    . . .     Faith    .   c - +2 kite shield
rNeg     . . .     Spirit   +   n - +0 chain mail
rPois    .         Reflect  .   (helmet restricted)
rElec    .         Harm     .   (no cloak)
rCorr    .         Rampage  .   (no gloves)
Will     .....                  (no boots)
Stlth    ..........             l - amulet of guardian spirit
HPRegen  0.18/turn              (no ring)
MPRegen  0.10/turn              (no ring)

@: unable to read
A: horns 2, retaliatory headbutt, see invisible, frail 1, inability to read
while threatened
a: Renounce Religion, Potion Petition, Call Merchant, Bribe Branch


You were on level 5 of the Dungeon.
You worshipped Gozag.
Gozag was aware of your devotion.
You visited 1 branch of the dungeon, and saw 5 of its levels.

You collected 491 gold pieces.
You spent 310 gold pieces at shops.
You paid 67 gold pieces to Gozag.

Inventory:

Hand Weapons
 a - a +0 long sword (weapon)
Armour
 c - a +2 kite shield (worn)
 n - a +0 chain mail (worn)
Jewellery
 d - an amulet of the acrobat
 l - an amulet of guardian spirit (around neck)
Scrolls
 i - a scroll of amnesia
 k - 2 scrolls of teleportation
Potions
 b - a potion of berserk rage {unknown}
 e - a potion of lignification {unknown}
 f - a potion of magic
 g - a potion of resistance {unknown}
 h - a potion of attraction {unknown}
 j - a potion of heal wounds
 m - a potion of curing


   Skills:
 + Level 5.3 Fighting
 + Level 6.8 Long Blades
 + Level 6.8 Armour
 - Level 0.1 Dodging
 + Level 6.6 Shields


You had 6 spell levels left.
You didn't know any spells.
Your spell library contained the following spells:

 Spells                   Type           Power      Damage    Failure   Level
 Animate Skeleton         Necr           0%         N/A       100%        1
 Apportation              Tloc           0%         N/A       100%        1
 Corona                   Hex            0%         N/A       100%        1
 Pain                     Necr           0%         1d4       100%        1
 Shock                    Conj/Air       0%         1d3       100%        1
 Summon Small Mammal      Summ           0%         N/A       100%        1
 Static Discharge         Conj/Air       0%         N/A       100%        2
 Swiftness                Air            0%         N/A       100%        3
 Vampiric Draining        Necr           0%         2d6       100%        3
 Airstrike                Air            0%         N/A       100%        4
 Animate Dead             Necr           0%         N/A       100%        4
 Agony                    Necr           0%         N/A       100%        5
 Lightning Bolt           Conj/Air       0%         1d11      100%        5


Dungeon Overview and Level Annotations

Branches:
Dungeon (5/15)             Temple (0/1) D:4

Altars:
Dithmenos
Elyvilon
Gozag
Vehumet

Shops:
D:4 *


Innate Abilities, Weirdness & Mutations

You have a pair of horns on your head.
You reflexively headbutt those who attack you in melee.
You have supernaturally acute eyesight. (SInv)
You are frail. (-10% HP)
You sometimes lose the ability to read scrolls when taking damage.


Message History

You can read scrolls again.
A centaur comes into view.
The troll bites you!
You feel threatened and lose the ability to read scrolls!
* * * LOW HITPOINT WARNING * * *
The troll claws you but does no damage. The troll claws you.
* * * LOW HITPOINT WARNING * * *
You feel much better. The troll bites you! You block the troll's attack. x2
Unknown command.
The troll bites you. You block the troll's attack. The troll claws you.
* * * LOW HITPOINT WARNING * * *
An adder comes into view.
The adder hisses angrily.
The troll barely misses you. You block the troll's attack. x2
You block the troll's attack. The troll claws you but does no damage.
The troll claws you.
* * * LOW HITPOINT WARNING * * *
There is an open door here.
The centaur wields a +0 shortbow.
The centaur shoots an arrow.
The arrow hits you.
* * * LOW HITPOINT WARNING * * *
You block the gnoll's attack.
The centaur becomes distracted by the nearby gold, dreaming of imaginary riches.
The centaur is no longer distracted by gold.
The gnoll hits you but does no damage. The gnoll hits you with a +0 club.
* * * LOW HITPOINT WARNING * * *
You can read scrolls again.
The centaur shoots an arrow.
The arrow hits you.
You feel threatened and lose the ability to read scrolls!
* * * LOW HITPOINT WARNING * * *
You block the gnoll's attack. The adder completely misses you.
You furiously retaliate!
You headbutt the adder. The gnoll closely misses you.
The centaur shoots an arrow.
The arrow hits you.
* * * LOW HITPOINT WARNING * * *
The adder bites you but does no damage.
The centaur shoots an arrow.
The arrow hits you.
You die...
Your body crumbles into a pile of gold.

..........#.### .#
......<)......#..#
...........##.#.# #
...#...<...##...# #...
##......#....# .#.. #....#....#.#
######### ...####.####<.#.#.#
#T..cT..# #..#.....##..#...#
#c#####'## #............@.g###
#.#.....c.
######....)#####..S..###.#.8..8..
..............##..cT.....#.......
..............##........###+##'##
####..........##........# #.$#$.
#####............######## #... #.
..............#### #...# #
..............# #..#
#####.........# #+#


You could see a troll, a centaur, a gnoll and an adder.

Vanquished Creatures
  Eustachio (D:4)
  A black bear (D:4)
  2 ogres
  Blork the orc (D:4)
  A scorpion (D:4)
  A howler monkey (D:5)
  A jelly (D:4)
  2 orc priests
  A gnoll shaman (D:4)
  A bullfrog skeleton (D:5)
  An orc wizard (D:4)
  Terence (D:2)
  Natasha (D:4)
  A hound skeleton (D:4)
  4 gnolls
  5 adders
  A shadow imp (D:5)
  A worm (D:4)
  2 dart slugs
  9 orcs
  3 endoplasms
  4 giant cockroaches
  11 goblins
  6 hobgoblins
  16 jackals
  6 kobolds
  A quokka (D:2)
  4 ball pythons
  A bat (D:1)
  4 frilled lizards
  7 rats
101 creatures vanquished.

Notes
Turn   | Place    | Note
-------+----------+-------------------------------------------
     0 | D:1      | DarkShadow the Minotaur Fighter began the quest for the
                  | Orb.
     0 | D:1      | Reached XP level 1. HP: 19/19 MP: 0/0
   205 | D:1      | Reached XP level 2. HP: 27/27 MP: 1/1
   841 | D:2      | Reached XP level 3. HP: 8/33 MP: 2/2
  1162 | D:2      | Found a faded altar of an unknown god.
  1231 | D:2      | You fall into a shaft and drop 2 floors!
  1572 | D:2      | Noticed Terence
  1577 | D:2      | Killed Terence
  1578 | D:2      | Reached XP level 4. HP: 40/40 MP: 3/3
  2268 | D:3      | Found a shadowy altar of Dithmenos.
  2268 | D:3      | Found a white marble altar of Elyvilon.
  2268 | D:3      | Found an opulent altar of Gozag.
  2268 | D:3      | Found a radiant altar of Vehumet.
  2280 | D:3      | Became a worshipper of Gozag Ym Sagoz the Greedy
  2809 | D:4      | Noticed Blork the orc
  2820 | D:4      | Killed Blork the orc
  2821 | D:4      | Reached skill level 5 in Armour
  2821 | D:4      | Reached XP level 5. HP: 11/47 MP: 4/4
  3148 | D:4      | Noticed an ogre
  3153 | D:4      | Killed an ogre
  3154 | D:4      | Reached skill level 5 in Long Blades
  3154 | D:4      | Reached skill level 5 in Shields
  3154 | D:4      | Reached XP level 6. HP: 26/53 MP: 5/5
  3801 | D:4      | Reached XP level 7. HP: 50/60 MP: 6/6
  3965 | D:4      | Noticed Eustachio
  4050 | D:4      | Killed Eustachio
  5136 | D:4      | Found a staircase to the Ecumenical Temple.
  5252 | D:4      | Reached skill level 5 in Fighting
  5501 | D:4      | Found Genu's General Store.
  5501 | D:4      | Noticed Natasha
  5508 | D:4      | Killed Natasha
  5521 | D:4      | Bought a scroll of identify for 20 gold pieces
  5521 | D:4      | Bought 3 potions of mutation for 240 gold pieces
  5521 | D:4      | Bought a potion of heal wounds for 50 gold pieces
  5522 | D:4      | Gained mutation: Your system is resistant to poisons.
                  | (rPois) [potion of mutation]
  5523 | D:4      | Lost mutation: Your system is resistant to poisons. (rPois)
                  | [potion of mutation]
  5523 | D:4      | Gained mutation: You are robust. (+10% HP) [potion of
                  | mutation]
  5523 | D:4      | Gained mutation: Your system is resistant to poisons.
                  | (rPois) [potion of mutation]
  5524 | D:4      | Lost mutation: Your system is resistant to poisons. (rPois)
                  | [potion of mutation]
  5524 | D:4      | Gained mutation: You sometimes lose the ability to read
                  | scrolls when taking damage. [potion of mutation]
  5524 | D:4      | Lost mutation: You are robust. (+10% HP) [potion of
                  | mutation]
  5524 | D:4      | Gained mutation: You are frail. (-10% HP) [potion of
                  | mutation]
  5524 | D:4      | Gained mutation: You have supernaturally acute eyesight.
                  | (SInv) [potion of mutation]
  5539 | D:5      | Entered Level 5 of the Dungeon
  6163 | D:5      | Noticed a troll
  6197 | D:5      | HP: 2/54 [centaur/arrow (4)]
  6201 | D:5      | Shot with an arrow by a centaur

Illustrated notes

Levels and vault maps discovered:
D:1:      grunt_arrival_crossed_arrows, layout_loops_ring
D:2:      wad_pebble_path, layout_basic, chequers_ecumenical_altar_grove,
          uniq_terence
D:3:      layout_loops_ring, grunt_temple_overflow_cloverleaf
D:4:      layout_cave_pods, minmay_temple_entry_crystal_x, serial_shops, shop,
          minmay_crystal_water, kennysheep_nondescript, uniq_natasha,
          uniq_blork_the_orc, uniq_eustachio
D:5:      minmay_chambers_of_threes, layout_rooms, slow_altar_1,
          amcnicky_altar_gilded

Skill      XL: |  1  2  3  4  5  6  7 |
---------------+----------------------+-----
Armour         | 4 5 6 |  6.8
Shields        | 4 5 6 |  6.6
Fighting       | 4 5 |  5.3
Long Blades    | 3 4 5 6 |  6.8
Dodging        | |  0.1

Action                   |  1- 3 |  4- 6 |  7- 9 || total
-------------------------+-------+-------+-------++-------
Melee: Long sword        |   100 |    70 |   116 ||   286
       Headbutt          |    13 |    18 |    21 ||    52
  Use: Scroll            |     6 |       |     3 ||     9
       Potion            |       |     1 |     8 ||     9
Armor: Scale mail        |    57 |    37 |       ||    94
       Chain mail        |       |       |    91 ||    91
Dodge: Dodged            |    36 |    28 |    55 ||   119
Block: Kite shield       |    60 |    55 |   128 ||   243
       Rpst.: Long sword |     9 |     8 |    10 ||    27

Table legend: (Time is in decaauts)
 A = Elapsed time spent in this place.
 B = Non-inter-level travel time spent in this place.
 C = Inter-level travel time spent in this place.
 D = Time resting spent in this place.
 E = Time spent auto-exploring this place.
 F = Levels seen in this place.
 G = Mean time per level.
                   A        B        C        D        E       F      G
               +--------+--------+--------+--------+--------+-----+--------+
         Total |   6323 |   6172 |    151 |   2316 |   2798 |   5 | 1264.6 |
       Dungeon |   6323 |   6172 |    151 |   2316 |   2798 |   5 | 1264.6 |
               +--------+--------+--------+--------+--------+-----+--------+

Top non-repeatable levels by time:
     D:4: 3170 daAuts
     D:2: 1065 daAuts
     D:3: 1051 daAuts
     D:1: 853 daAuts
     D:5: 184 daAuts
